 Dungeon Crawl Stone Soup version 0.31-a0-198-g2ad674f65e (webtiles) character file.

Game seed: 3557825538930780321

3788 qw the Markself (level 9, -3/52 HPs)
             Began as a Deep Elf Hunter on June 25, 2023.
             Killed by divine providence
             ... invoked by an orc priest
              (11 damage)
             ... on level 9 of the Dungeon.
             The game lasted 00:02:29 (6751 turns).

qw the Markself (Deep Elf Hunter)                   Turns: 6751, Time: 00:02:30

Health: -3/52      AC: 10    Str: 12    XL:     9   Next: 95%
Magic:  0/11       EV: 15    Int: 15    God:
Gold:   67         SH:  0    Dex: 20    Spells: 8/8 levels left

rFire   . . .        Y - +0 arbalest
rCold   . . .        (shield currently unavailable)
rNeg    . . .        c - +2 ring mail {rPois}
rPois   +            a - +0 helmet
rElec   .            (no cloak)
rCorr   .            l - +0 pair of gloves of the Known World {Regen+ Dex+2}
SInv    .            k - +0 pair of boots
Will    .....        g - amulet of guardian spirit
Stlth   +            (no ring)
HPRegen 1.08/turn    (no ring)
MPRegen 0.12/turn

%: guardian spirit
@: about to teleport
A: no striking features
a: no special abilities


You were on level 9 of the Dungeon.
You visited 2 branches of the dungeon, and saw 10 of its levels.

You collected 501 gold pieces.
You spent 434 gold pieces at shops.


   Skills:
 - Level 4.0 Fighting
 + Level 15.5 Ranged Weapons
 - Level 2.3 Armour
 - Level 8.1 Dodging
 - Level 1.2 Stealth


You had 8 spell levels left.
You didn't know any spells.
Your spell library was empty.

Inventory:

Hand Weapons
 Y - a +0 arbalest (weapon)
Armour
 a - a +0 helmet (worn)
 c - a +2 ring mail of poison resistance (worn)
 k - a +0 pair of boots (worn)
 l - the +0 pair of gloves of the Known World (worn) {Regen+ Dex+2}
   (You bought it in a shop on level 7 of the Dungeon)

   Dex:       It affects your dexterity (+2).
   Regen:     It increases your rate of health regeneration.
 m - a +1 ring mail of fire resistance
Jewellery
 g - an amulet of guardian spirit (around neck)
Scrolls
 b - 9 scrolls of identify
 e - 2 scrolls of teleportation
Potions
 f - 9 potions of curing
 h - a potion of might
 j - 2 potions of enlightenment

Dungeon Overview and Level Annotations

Branches:
Dungeon (9/15)             Temple (1/1) D:6             Orc (0/2) D:9
   Lair: D:8-11

Altars:
Ashenzari
Cheibriados
Dithmenos
Elyvilon
Fedhas
Gozag
Hepliaklqana
Kikubaaqudgha
Makhleb
Nemelex Xobeh
Qazlal
Ru
Sif Muna
Trog
Uskayaw
Vehumet
Wu Jian
Xom
Yredelemnul
Zin
The Shining One

Shops:
D:5 *   D:7 =[:[


Message History

Beogh smites you!
You hear a shout! x2
You shoot a bolt. The bolt hits the killer bee!!
You kill the killer bee!
The orc warrior closely misses you.
The orc priest calls down the wrath of Beogh upon something.
Beogh smites you!
A killer bee comes into view.
An orc comes into view. It is wielding a +0 short sword.
An orc comes into view. It is wielding a +0 hand axe.
The orc warrior barely misses you.
The orc priest invokes the aid of Beogh against you.
Beogh smites you!
An orc comes into view. It is wielding a +0 club.
You hear a shout!
You shoot a bolt. The bolt barely misses the orc warrior.
The killer bee buzzes angrily.
An orc comes into view. It is wielding a +0 short sword.
The orc warrior hits you from afar with a +0 halberd!
An orc comes into view. It is wielding a +0 whip.
6749 ||| READING 3 scrolls of teleportation.
As you read the scroll of teleportation, it crumbles to dust.
You feel strangely unstable.
A killer bee comes into view.
The killer bee misses you.
An orc comes into view. It is wielding a +0 short sword.
The orc warrior hits you from afar with a +0 halberd.
You shoot a bolt. The bolt closely misses the killer bee.
The bolt hits the killer bee!
The killer bee is heavily wounded.
The killer bee misses you. The killer bee stings you.
The killer bee closely misses you.
An orc comes into view. It is wielding a +0 club.
The orc warrior closely misses you. The killer bee barely misses you. x2
You shoot a bolt. The bolt closely misses the killer bee.
The killer bee misses you. The killer bee closely misses you.
The orc warrior completely misses you.
The orc priest mumbles some strange prayers to Beogh against you.
Beogh smites you!
You die... +.#.o...# #.#8ooo># #.#oooo.# #.#ooo..# ##.8oooo.# ##yyoooo..#

#.yy8oo...#
##.#@#
#....#######
#..........#
#..........#
#.....<....+
#..........#
+..........#
#..........#
#..........#


You could see 3 orc warriors, 4 killer bees, 4 orc priests and 14 orcs.

Vanquished Creatures
  A two-headed ogre (D:8)
  Grinder (D:3)
  2 wraiths (D:8)
  A steam dragon (D:6)
  4 water moccasins
  An orc warrior (D:8)
  An ogre (D:5)
  A black bear (D:4)
  2 ice beasts
  A sky beast (D:7)
  A centaur (D:6)
  A phantom (D:6)
  4 bullfrogs (D:7)
  3 scorpions
  A killer bee (D:9)
  3 jellies
  5 orc priests
  9 hounds
  3 sleepcaps
  5 orc wizards
  An iguana (D:6)
  Terence (D:3)
  4 gnolls (D:2)
  10 adders
  2 white imps
  A worm (D:3)
  2 dart slugs
  23 orcs
  4 bats
  7 endoplasms
  4 giant cockroaches
  4 goblins
  9 hobgoblins
  7 kobolds
  3 quokkas
  8 ball pythons
  2 frilled lizards
  6 rats
148 creatures vanquished.

Notes
Turn   | Place    | Note
-------+----------+-------------------------------------------
     0 | D:1      | qw the Deep Elf Hunter began the quest for the Orb.
     0 | D:1      | Reached XP level 1. HP: 12/12 MP: 3/3
     0 | D:1      | 0 ||| qw: Version: 0.3-a-22-g0ed2b0b
     0 | D:1      | 0 ||| qw: Game counter: 5054
     0 | D:1      | 0 ||| qw: Melee chars always use a shield: true
     0 | D:1      | 0 ||| qw: God list: Okawaru
     0 | D:1      | 0 ||| qw: Allow faded altars: false
     0 | D:1      | 0 ||| qw: Do Orc after clearing Dungeon:15 true
     0 | D:1      | 0 ||| qw: Do second Lair branch before Depths: true
     0 | D:1      | 0 ||| qw: Lair rune preference: random
     0 | D:1      | 0 ||| qw: Goals: Normal
     0 | D:1      | 0 ||| PLANNING D:1-11
   128 | D:1      | Found a faded altar of an unknown god.
   312 | D:1      | Reached XP level 2. HP: 16/16 MP: 4/4
   316 | D:1      | Reached skill level 6 in Ranged Weapons
   809 | D:1      | 809 ||| READING scroll labelled ZUYCVE MEXO.
   810 | D:1      | 810 ||| READING scroll labelled XEDUGR GEZE.
   811 | D:1      | 811 ||| READING 3 scrolls labelled RAXEBU JOPTALLUEN.
   812 | D:1      | 812 ||| DRINKING 2 lumpy purple potions.
   813 | D:1      | 813 ||| READING 2 scrolls of identify.
   813 | D:1      | 813 ||| IDENTIFYING viscous white potion
   814 | D:1      | 814 ||| DROPPING scroll of butterflies.
   890 | D:2      | Reached XP level 3. HP: 20/20 MP: 5/5
   932 | D:2      | Reached skill level 7 in Ranged Weapons
   934 | D:2      | Reached XP level 4. HP: 13/25 MP: 6/6
  1367 | D:2      | 1367 ||| READING scroll labelled QOJIPL BOLETUX.
  1368 | D:2      | 1368 ||| READING scroll labelled KEWOCS VEHYUSK.
  1373 | D:2      | 1373 ||| READING scroll labelled TIARPH QAFUQYED.
  1374 | D:2      | 1374 ||| READING scroll labelled YDU FOMYTWOPS.
  1375 | D:2      | 1375 ||| READING scroll labelled QURIPU PEAWEFE.
  1418 | D:2      | 1418 ||| READING scroll labelled FOKHLE SUNUOWED.
  1419 | D:2      | 1419 ||| DRINKING 4 smoky inky potions.
  1524 | D:2      | 1524 ||| READING 6 scrolls of identify.
  1524 | D:2      | 1524 ||| IDENTIFYING yellow potion
  1525 | D:2      | 1525 ||| READING 5 scrolls of identify.
  1525 | D:2      | 1525 ||| IDENTIFYING brown potion
  1526 | D:2      | 1526 ||| DROPPING potion of brilliance.
  1527 | D:2      | 1527 ||| DROPPING 3 potions of berserk rage.
  1528 | D:2      | 1528 ||| DROPPING potion of ambrosia.
  1543 | D:3      | 1543 ||| STAIRDANCE
  1677 | D:3      | 1677 ||| FLEEEEING.
  1678 | D:3      | 1678 ||| FLEEEEING.
  1679 | D:3      | 1679 ||| FLEEEEING.
  1680 | D:3      | 1680 ||| FLEEEEING.
  1717 | D:3      | Noticed Terence
  1719 | D:3      | Reached skill level 8 in Ranged Weapons
  1723 | D:3      | Killed Terence
  1771 | D:3      | Reached XP level 5. HP: 29/29 MP: 7/7
  2021 | D:3      | Noticed Grinder
  2023 | D:3      | 2023 ||| FLEEEEING.
  2025 | D:3      | 2025 ||| FLEEEEING.
  2026 | D:3      | 2026 ||| FLEEEEING.
  2027 | D:3      | 2027 ||| FLEEEEING.
  2028 | D:3      | 2028 ||| FLEEEEING.
  2029 | D:3      | 2029 ||| FLEEEEING.
  2030 | D:3      | 2030 ||| FLEEEEING.
  2033 | D:3      | Killed Grinder
  2034 | D:3      | Reached skill level 10 in Ranged Weapons
  2034 | D:3      | Reached XP level 6. HP: 33/34 MP: 8/8
  2104 | D:3      | 2104 ||| UPGRADING to +0 pair of gloves.
  2109 | D:3      | 2109 ||| UPGRADING to +0 scale mail.
  2119 | D:3      | 2119 ||| DROPPING +0 leather armour.
  2120 | D:3      | 2120 ||| READING scroll labelled NETEYH ZOMIHI.
  2121 | D:3      | 2121 ||| DRINKING 2 glowing puce potions.
  2122 | D:3      | 2122 ||| DRINKING 2 bubbling white potions.
  2140 | D:3      | 2140 ||| DROPPING potion of lignification.
  2213 | D:4      | Noticed an ice beast
  2217 | D:4      | Killed an ice beast
  2218 | D:4      | Reached skill level 1 in Armour
  2363 | D:4      | 2363 ||| Stepping ~*~*~tactically~*~*~ (outnumbered).
  2368 | D:4      | HP: 8/34 [orc priest/+0 morningstar (5)]
  2369 | D:4      | 2369 ||| DRINKING potion of heal wounds.
  2498 | D:4      | 2498 ||| SWAPPING to +0 arbalest.
  2499 | D:4      | 2499 ||| DROPPING +0 heavy shortbow.
  2515 | D:4      | Found a stormy altar of Qazlal.
  2558 | D:4      | Reached XP level 7. HP: 40/40 MP: 9/9
  2949 | D:4      | Found a broken altar of Ashenzari.
  3085 | D:4      | 3085 ||| UPGRADING to +0 ring mail.
  3095 | D:4      | 3095 ||| DROPPING +0 scale mail.
  3096 | D:4      | 3096 ||| UPGRADING to amulet of guardian spirit.
  3101 | D:4      | 3101 ||| DROPPING +6 ring of intelligence.
  3102 | D:4      | 3102 ||| DRINKING 3 amethyst potions.
  3115 | D:5      | Entered Level 5 of the Dungeon
  3129 | D:5      | Reached skill level 3 in Dodging
  3131 | D:5      | Found an opulent altar of Gozag.
  3169 | D:5      | Reached skill level 11 in Ranged Weapons
  3340 | D:5      | Reached skill level 12 in Ranged Weapons
  3393 | D:5      | Found Suppu's Overcharged Wands.
  3515 | D:5      | Reached XP level 8. HP: 42/44 MP: 10/10
  3577 | D:5      | 3577 ||| FLEEEEING.
  3578 | D:5      | 3578 ||| FLEEEEING.
  3579 | D:5      | 3579 ||| FLEEEEING.
  3580 | D:5      | 3580 ||| FLEEEEING.
  3581 | D:5      | 3581 ||| FLEEEEING.
  3582 | D:5      | 3582 ||| FLEEEEING.
  3583 | D:5      | 3583 ||| FLEEEEING.
  3584 | D:5      | 3584 ||| FLEEEEING.
  3585 | D:5      | 3585 ||| FLEEEEING.
  3588 | D:5      | 3588 ||| STAIRDANCE
  3606 | D:4      | 3606 ||| READING 10 scrolls of identify.
  3606 | D:4      | 3606 ||| IDENTIFYING fizzy brown potion
  3607 | D:4      | 3607 ||| DROPPING potion of magic.
  4010 | D:6      | 4010 ||| Stepping ~*~*~tactically~*~*~ (outnumbered).
  4015 | D:6      | Reached skill level 3 in Fighting
  4017 | D:6      | 4017 ||| FLEEEEING.
  4018 | D:6      | 4018 ||| FLEEEEING.
  4019 | D:6      | 4019 ||| FLEEEEING.
  4020 | D:6      | 4020 ||| FLEEEEING.
  4021 | D:6      | 4021 ||| FLEEEEING.
  4022 | D:6      | 4022 ||| FLEEEEING.
  4023 | D:6      | 4023 ||| FLEEEEING.
  4024 | D:6      | 4024 ||| FLEEEEING.
  4025 | D:6      | 4025 ||| FLEEEEING.
  4026 | D:6      | 4026 ||| FLEEEEING.
  4027 | D:6      | 4027 ||| FLEEEEING.
  4028 | D:6      | 4028 ||| FLEEEEING.
  4029 | D:6      | 4029 ||| FLEEEEING.
  4030 | D:6      | 4030 ||| FLEEEEING.
  4031 | D:6      | 4031 ||| FLEEEEING.
  4032 | D:6      | 4032 ||| FLEEEEING.
  4033 | D:6      | 4033 ||| FLEEEEING.
  4034 | D:6      | 4034 ||| FLEEEEING.
  4035 | D:6      | 4035 ||| FLEEEEING.
  4036 | D:6      | 4036 ||| FLEEEEING.
  4037 | D:6      | 4037 ||| FLEEEEING.
  4038 | D:6      | 4038 ||| FLEEEEING.
  4039 | D:6      | 4039 ||| FLEEEEING.
  4040 | D:6      | 4040 ||| FLEEEEING.
  4041 | D:6      | 4041 ||| STAIRDANCE
  4091 | D:5      | 4091 ||| UPGRADING to +0 helmet.
  4098 | D:6      | 4098 ||| STAIRDANCE
  4226 | D:6      | 4226 ||| Stepping ~*~*~tactically~*~*~ (cloud).
  4295 | D:6      | Reached skill level 13 in Ranged Weapons
  4306 | D:6      | 4306 ||| DRINKING 8 potions of curing.
  4306 | D:6      | 4306 ||| (to cure poison)
  4434 | D:6      | Reached skill level 14 in Ranged Weapons
  4463 | D:6      | Found a staircase to the Ecumenical Temple.
  4464 | D:6      | 4464 ||| PLANNING TEMPLE
  4484 | D:6      | 4484 ||| READING scroll labelled DAAFAEBOJO.
  4585 | D:6      | 4585 ||| READING scroll labelled YPOINLELAP.
  4593 | Temple   | Entered the Ecumenical Temple
  4760 | Temple   | 4760 ||| PLANNING D:1-11
  4780 | Temple   | 4780 ||| PLANNING TEMPLE
  4780 | Temple   | 4780 ||| Stepping randomly (stuck).
  4781 | Temple   | 4781 ||| PLANNING D:1-11
  5076 | D:7      | Reached XP level 9. HP: 50/50 MP: 11/11
  5089 | D:7      | Found a hazy altar of Hepliaklqana.
  5122 | D:7      | Found Ivoutua's Book Shop.
  5299 | D:7      | Found an ancient bone altar of Kikubaaqudgha.
  5302 | D:7      | Found a shadowy altar of Dithmenos.
  5415 | D:7      | Reached skill level 15 in Ranged Weapons
  5547 | D:7      | Found Nauno's Armour Shoppe.
  5556 | D:7      | 5556 ||| BUYING +0 pair of boots (54 gold).
  5556 | D:7      | Bought a +0 pair of boots for 54 gold pieces
  5556 | D:7      | 5556 ||| BUYING +0 pair of gloves of the Known World
                  | {Regen+ Dex+2} (188 gold).
  5556 | D:7      | Bought the +0 pair of gloves of the Known World {Regen+
                  | Dex+2} for 188 gold pieces
  5556 | D:7      | 5556 ||| BUYING +1 ring mail of fire resistance (192 gold).
  5556 | D:7      | Bought a +1 ring mail of fire resistance for 192 gold
                  | pieces
  5556 | D:7      | 5556 ||| SHOPLISTING +1 robe of Beogh's Righteous Fury
                  | {MP+9 Int-3 Dex+6} (454 gold, have 11).
  5594 | D:7      | Found Ycsyev's Antique Armour Emporium.
  5599 | D:7      | 5599 ||| SHOPLISTING glowing helmet (255 gold, have 11).
  5599 | D:7      | 5599 ||| SHOPLISTING opalescent robe (193 gold, have 11).
  5599 | D:7      | 5599 ||| SHOPLISTING pair of glowing gloves (255 gold, have
                  | 11).
  5801 | D:7      | Found Fissairr's Jewellery Boutique.
  5816 | D:7      | 5816 ||| SHOPLISTING +4 ring of protection (432 gold, have
                  | 11).
  5816 | D:7      | 5816 ||| SHOPLISTING amulet of faith (480 gold, have 11).
  5816 | D:7      | 5816 ||| SHOPLISTING amulet of regeneration (360 gold, have
                  | 11).
  5816 | D:7      | 5816 ||| SHOPLISTING ring "Puar" {rN++ Str+4 Int+6} (742
                  | gold, have 11).
  5816 | D:7      | 5816 ||| SHOPLISTING ring of poison resistance (240 gold,
                  | have 11).
  5816 | D:7      | 5816 ||| SHOPLISTING ring of positive energy (240 gold,
                  | have 11).
  5816 | D:7      | 5816 ||| SHOPLISTING ring of see invisible (180 gold, have
                  | 11).
  5907 | D:7      | 5907 ||| UPGRADING to +2 ring mail of poison resistance.
  5917 | D:7      | 5917 ||| DROPPING +0 ring mail.
  5918 | D:7      | 5918 ||| UPGRADING to +0 pair of boots.
  5923 | D:7      | 5923 ||| UPGRADING to +0 pair of gloves of the Known World
                  | {Regen+ Dex+2}.
  5933 | D:7      | 5933 ||| DROPPING +0 pair of gloves.
  5969 | D:8      | 5969 ||| Stepping ~*~*~tactically~*~*~ (outnumbered).
  5971 | D:8      | 5971 ||| Stepping ~*~*~tactically~*~*~ (outnumbered).
  6003 | D:8      | 6003 ||| READING scroll labelled WOEFRIOJANG.
  6024 | D:8      | Noticed a two-headed ogre
  6034 | D:8      | Killed a two-headed ogre
  6041 | D:8      | 6041 ||| FLEEEEING.
  6042 | D:8      | 6042 ||| FLEEEEING.
  6043 | D:8      | 6043 ||| FLEEEEING.
  6044 | D:8      | 6044 ||| FLEEEEING.
  6045 | D:8      | 6045 ||| FLEEEEING.
  6046 | D:8      | 6046 ||| FLEEEEING.
  6047 | D:8      | 6047 ||| FLEEEEING.
  6553 | D:8      | 6553 ||| READING scroll labelled JANULAIVUR.
  6554 | D:8      | 6554 ||| READING 10 scrolls of identify.
  6554 | D:8      | 6554 ||| IDENTIFYING green potion
  6555 | D:8      | 6555 ||| DROPPING potion of degeneration.
  6581 | D:9      | 6581 ||| STAIRDANCE
  6743 | D:9      | Found a staircase to the Orcish Mines.
  6748 | D:9      | HP: 12/52 [orc warrior/+0 halberd (6)]
  6749 | D:9      | 6749 ||| READING 3 scrolls of teleportation.
  6751 | D:9      | Killed from afar by an orc priest

Levels and vault maps discovered:
D:1:      grunt_arrival_crossed_arrows, layout_basic,
          shapermc_ecumenical_altar_venn
D:2:      layout_rooms, minmay_octomino_c4
D:3:      layout_rooms, kennysheep_generic_room_4, uniq_grinder, uniq_terence
D:4:      layout_basic, marbit_many_paths, old_standard_altar
D:5:      layout_basic, nicolae_gozag_seed_capital, minmay_holes,
          nicolae_shop_overcharged_wands
D:6:      layout_rooms, minmay_temple_entry_slanted
D:7:      layout_basic, mainiacjoe_overflow_alcove_1,
          nicolae_overflow_hidden_temple, serial_shops,
          nicolae_shop_pleasant_corner_grove, shop, nicolae_shop_behind_doors,
          nicolae_shop_peninsula
D:8:      layout_loops_cross
D:9:      layout_roguey [special_room_orc],
          hellmonk_okawaru_the_only_friend_you_need, david_orc_5,
          minmay_misc_feat_tiny
Temple:   bh_familiar_temple

Skill      XL: |  1  2  3  4  5  6  7  8  9 |
---------------+----------------------------+-----
Ranged Weapons | 6 7 8 10 12 14 15 | 15.5
Armour         | 1 2 |  2.3
Fighting       | 2 3 4 |  4.0
Dodging        | 3 5 8 |  8.1
Stealth        | |  1.2

Action                     |  1- 3 |  4- 6 |  7- 9 || total
---------------------------+-------+-------+-------++-------
   Fire: Shortbow          |    53 |    75 |       ||   128
         Arbalest          |       |     9 |   276 ||   285
    Use: Scroll            |     4 |     9 |     7 ||    20
         Potion            |     1 |     4 |     2 ||     7
 Armour: Leather armour    |     2 |     5 |       ||     7
         Scale mail        |       |     7 |    15 ||    22
         Ring mail         |       |       |    45 ||    45
  Dodge: Dodged            |    10 |    18 |   103 ||   131

Table legend:
 A = Non-vault XP
 B = Vault XP
 C = Vault XP percentage of total XP
 D = Non-vault monster count
 E = Vault monster count
 F = Vault count percentage of total count
                 A         B        C        D         E       F
            +---------+---------+-------+---------+---------+-------
      Total |    5079 |     333 |   6.2 |     139 |       9 |   6.1
            +---------+---------+-------+---------+---------+-------
        D:1 |      25 |       0 |   0.0 |      15 |       0 |   0.0
        D:2 |     107 |       9 |   7.8 |      21 |       5 |  19.2
        D:3 |      39 |     311 |  88.9 |      14 |       3 |  17.6
        D:4 |     422 |      13 |   3.0 |      18 |       1 |   5.3
        D:5 |     689 |       0 |   0.0 |      20 |       0 |   0.0
        D:6 |    1146 |       0 |   0.0 |      16 |       0 |   0.0
        D:7 |     688 |       0 |   0.0 |      12 |       0 |   0.0
        D:8 |    1900 |       0 |   0.0 |      22 |       0 |   0.0
        D:9 |      63 |       0 |   0.0 |       1 |       0 |   0.0
            +---------+---------+-------+---------+---------+-------
